 Dungeon Crawl Stone Soup version 0.23-a0-636-g0ff6057 (console) character file.

8 Duffy the Firebug (level 2, 19/19 HPs)
             Began as a Demonspawn Fire Elementalist on Dec 28, 2018.
             Quit the game on level 2 of the Dungeon.
             The game lasted 00:00:24 (242 turns).

Duffy the Firebug (Demonspawn Fire Elementalist)     Turns: 242, Time: 00:00:24

Health: 19/19      AC:  2    Str:  8    XL:     2   Next: 0%
Magic:  3/5        EV: 12    Int: 16    God:
Gold:   0          SH:  0    Dex: 13    Spells: 4/5 levels left

rFire    . . .     SeeInvis .   (no weapon)
rCold    + . .     Gourm    .   (no shield)
rNeg     . . .     Faith    .   a - +0 robe
rPois    .         Spirit   .   (no helmet)
rElec    .         Reflect  .   (no cloak)
rCorr    .         Harm     .   (no gloves)
MR       .....                  (no boots)
Stlth    ++........             (no amulet)
HPRegen  0.06/turn              (no ring)
MPRegen  0.09/turn              (no ring)

@: no status effects
A: cold resistance 1
a: no special abilities


You were on level 2 of the Dungeon.
You were not hungry.

You visited 1 branch of the dungeon, and saw 2 of its levels.

Inventory:

Hand Weapons
 d - a +0 club
Armour
 a - a +0 robe (worn)
Scrolls
 b - a scroll of enchant weapon {unknown}
Comestibles
 c - a ration
 f - a chunk of flesh


   Skills:
 - Level 1.7 Dodging
 - Level 1.7 Stealth
 - Level 2.0 Spellcasting
 + Level 2.1 Conjurations
 - Level 2.6 Fire Magic


You had 4 spell levels left.
You knew the following spells:

 Your Spells              Type           Power        Failure   Level  Hunger
h - Flame Tongue          Conj/Fire      #....        8%          1    #......

Your spell library contained the following spells:

 Spells                   Type           Power        Failure   Level  Hunger
 Throw Flame              Conj/Fire      #.....       12%         2    ###....
 Conjure Flame            Conj/Fire      #.......     24%         3    ###....
 Inner Flame              Hex/Fire       #.......     34%         3    ###....
 Sticky Flame             Conj/Fire      #.......     61%         4    #####..
 Fireball                 Conj/Fire      #.........   91%         5    ######.


Dungeon Overview and Level Annotations

Branches:
Dungeon (2/15)

Altars:


Innate Abilities, Weirdness & Mutations

Your flesh is cold resistant. (rC+)


Message History

Found a faded altar of an unknown god.
You enter the shallow water.
Moving in this stuff is going to be slow.
You butcher the frilled lizard corpse.
f - a chunk of flesh You see here a frilled lizard skeleton. x2
A bat comes into view.
Really attack barehanded?
Okay, then.
Casting: Flame Tongue (safe; 8% risk of failure)
Confirm with . or Enter, or press ? or * to list all spells.
Aiming: Flame Tongue (safe; 8% risk of failure)
Press: ? - help, Shift-Dir - straight line, f - bat
Aim: a bat The flame tongue hits the bat.
You kill the bat!
You have reached level 2!
Your demonic ancestry asserts itself...
You feel resistant to cold.
Are you sure you want to abandon this character and quit the game? (Confirm

.~..~~~~~..~.~.#
.........#####.#
........<.%....#
..........######
..........#
..........#
..........#
..........##
..........@#
.#.....#....#
########.#.#
#.#..# #.# .#
#.# .. #.# ..
#.. ..#


There were no monsters in sight!

Vanquished Creatures
  A leopard gecko (D:1)
  A bat (D:2)
  A hobgoblin (D:1)
  A ball python (D:1)
  A frilled lizard (D:2)
  A kobold (D:1)
  2 rats
8 creatures vanquished.

Notes
Turn   | Place    | Note
-------+----------+-------------------------------------------
     0 | D:1      | Duffy the Demonspawn Fire Elementalist began the quest for
                  | the Orb.
     0 | D:1      | Reached XP level 1. HP: 13/13 MP: 3/3
   229 | D:2      | Found a faded altar of an unknown god.
   241 | D:2      | Gained mutation: Your flesh is cold resistant. (rC+)
                  | [demonic ancestry]
   241 | D:2      | Reached XP level 2. HP: 19/19 MP: 3/5
   242 | D:2      | Quit the game

Vault maps used:
D:1:      lightli_arrival_boilingwater, minmay_split_cup_large
D:2:      lemuel_crystal_altar, lemuel_doored_altar,
          nicolae_ashenzari_panopticon, chequers_ecumenical_altar_island,
          minmay_pentomino_s2, uniq_sigmund, uniq_natasha

Skill      XL: |  1 |
---------------+----+-----
Conjurations   | 2 |  2.1
Dodging        | |  1.7
Stealth        | |  1.7
Spellcasting   | |  2.0
Fire Magic     | |  2.6

Action                   || total
-------------------------++-------
 Cast: Flame Tongue      ||    11
Armor: Robe              ||     1
Dodge: Dodged            ||     1

Table legend:
 A = Non-vault XP
 B = Vault XP
 C = Vault XP percentage of total XP
 D = Non-vault monster count
 E = Vault monster count
 F = Vault count percentage of total count
                 A         B        C        D         E       F
            +---------+---------+-------+---------+---------+-------
      Total |      12 |       0 |   0.0 |       8 |       0 |   0.0
            +---------+---------+-------+---------+---------+-------
        D:1 |       8 |       0 |   0.0 |       5 |       0 |   0.0
        D:2 |       4 |       0 |   0.0 |       3 |       0 |   0.0
            +---------+---------+-------+---------+---------+-------
